 Dungeon Crawl Stone Soup version 0.28.0-53-g5a82cb258f (webtiles) character file.

Game seed: 6304175761203307142

1 LynnLen the Vexing (level 1, 0/13 HPs)
             Began as a Vampire Enchanter on Aug 9, 2022.
             Slain by a kobold
             ... wielding a +0 dagger
              (4 damage)
             ... on level 1 of the Dungeon.
             The game lasted 00:00:20 (73 turns).

LynnLen the Vexing (Vampire Enchanter)                Turns: 73, Time: 00:00:20

Health: 0/13       AC:  2    Str:  7    XL:     1   Next: 16%
Magic:  3/3        EV: 12    Int: 17    God:
Gold:   0          SH:  0    Dex: 14    Spells: 4/4 levels left

rFire   . . .      SeeInvis +   a - +1 dagger
rCold   . . .      Faith    .   (no shield)
rNeg    . . .      Spirit   .   b - +0 robe
rPois   .          Reflect  .   (no helmet)
rElec   .          Harm     .   (no cloak)
rCorr   .          Rampage  .   (no gloves)
Will    .....                   (no boots)
Stlth   +++.......              (no amulet)
HPRegen 0.24/turn               (no ring)
MPRegen 0.08/turn               (no ring)

@: healing quickly
A: alive, fangs 3, see invisible, vampiric 1
a: Exsanguinate


You were on level 1 of the Dungeon.
You visited 1 branch of the dungeon, and saw 1 of its levels.

Inventory:

Hand Weapons
 a - a +1 dagger (weapon)
Missiles
 e - 20 stones (quivered)
Armour
 b - a +0 robe (worn)
Scrolls
 d - a scroll of immolation {unknown}
Potions
 c - a potion of invisibility


   Skills:
 * Level 1.2 Short Blades
 - Level 2.1 Dodging
 + Level 4.4 Stealth
 - Level 2.0 Spellcasting
 - Level 4.4 Hexes


You had 4 spell levels left.
You didn't know any spells.
Your spell library contained the following spells:

 Spells                   Type           Power      Damage    Failure   Level
 Confusing Touch          Hex            16%        N/A       10%         3
 Tukima's Dance           Hex            16%        N/A       10%         3
 Ensorcelled Hibernation  Hex/Ice        18%        N/A       12%         2
 Dazzling Flash           Conj/Hex       18%        N/A       24%         3


Dungeon Overview and Level Annotations

Branches:
Dungeon (1/15)

Altars:


Innate Abilities, Weirdness & Mutations

Your natural rate of healing is accelerated.
You have razor-sharp teeth.
You have supernaturally acute eyesight. (SInv)
You are afflicted with vampirism.


Message History

You open the door.
There is an open door here.
There is an open door here.
A giant cockroach comes into view.
A giant cockroach is nearby!
A giant cockroach is nearby!
Number of times to repeat, then command key: You must enter the number of times for the command to repeat.
You hit the giant cockroach.
The giant cockroach is severely wounded.
The giant cockroach bites you but does no damage.
You hit the giant cockroach.
The giant cockroach is almost dead.
The giant cockroach closely misses you.
You hit the giant cockroach.
You kill the giant cockroach!
You see here a giant cockroach corpse.
A kobold comes into view. It is wielding a +0 dagger.
The kobold shouts!
The kobold moves out of view. 2 kobolds come into view.
A kobold is wielding a +0 short sword of draining.
A bat comes into view. x2
The bat moves out of view.
There are monsters nearby!
There are monsters nearby!
You barely miss the kobold. The kobold hits you with a +0 dagger.
You hit the kobold but do no damage. The kobold barely misses you.
You closely miss the kobold. The kobold closely misses you.
You closely miss the kobold. The kobold hits you with a +0 dagger.
You hit the kobold.
The kobold is moderately wounded.
The kobold hits you with a +0 dagger.
You hit the kobold.
The kobold is severely wounded.
The kobold hits you with a +0 dagger.
You barely miss the kobold. You bite the kobold, but do no damage.
The kobold is severely wounded.
The kobold hits you with a +0 dagger.
You die...

..... #.... #..K.
#...# #..K# #...#
#..#
#..############
##....K@.......#
##...##########.#
#########..†..#
...#..........#
.....####.....#
..##.# #....##
..##.# #.####
...#.# #.#
.....####.#######


You could see a kobold.

Vanquished Creatures
  A giant cockroach (D:1)
1 creature vanquished.

Notes
Turn   | Place    | Note
-------+----------+-------------------------------------------
     0 | D:1      | LynnLen the Vampire Enchanter began the quest for the Orb.
     0 | D:1      | Reached XP level 1. HP: 13/13 MP: 3/3
    73 | D:1      | Slain by a kobold

Illustrated notes

Levels and vault maps discovered:
D:1:      dpeg_arrival_rooms_b, layout_loops_ring, roderic_roman_lattice

Action                   || total
-------------------------++-------
Melee: Dagger            ||    10
       Bite              ||     1
Armor: Robe              ||     1
Dodge: Dodged            ||     3
